Map: Ulrena

Players

HEAVYSTARCH

  • Race: Protoss Protoss
  • League: Diamond

ArabianNight - Winner!

  • Race: Protoss Protoss
  • League: Diamond

VOD

Have the link to the VOD?

Description

Time

  • Played on: June 18, 2016, 1:28 p.m.
  • Length: 47:01
Show
View Real Time Build Order
Export as new Build Order

HEAVYSTARCH Protoss 

Build Orders: Cannon Rush 

Get SALT Encoding   

  12  0:09  Pylon  
  12  0:13  Probe (Chrono Boost)  
  13  0:29  Forge  
  13  0:32  Probe (Chrono Boost)  
  15  0:42  Probe (Chrono Boost)  
  15  0:53  Probe (Chrono Boost)  
  16  1:03  Pylon  
  16  1:07  Probe (Chrono Boost)  
  17  1:18  Probe (Chrono Boost)  
  18  1:23  Photon Cannon  
  18  1:25  Gateway  
  18  1:36  Photon Cannon  
  18  1:42  Pylon  
  18  1:58  Photon Cannon  
  18  2:07  Photon Cannon  
  18  2:09  Photon Cannon  
  18  2:22  Zealot (Chrono Boost)  
  20  2:27  Assimilator  
  20  2:31  Assimilator  
  20  2:32  Cybernetics Core  
  20  2:34  Photon Cannon  
  20  2:35  Photon Cannon  
  20  2:50  Photon Cannon  
  20  2:53  Photon Cannon  
  18  3:08  Pylon x2  
  18  3:10  Probe (Chrono Boost)  
  19  3:17  Photon Cannon  
  19  3:21  Probe (Chrono Boost)  
  20  3:31  Probe (Chrono Boost)  
  21  3:36  Stargate  
  21  3:39  Photon Cannon  
  21  3:49  Photon Cannon  
  21  3:54  Photon Cannon  
  21  4:04  Mothership Core (Chrono Boost)  
  23  4:22  Probe (Chrono Boost)  
  24  4:27  Void Ray (Chrono Boost)  
  28  4:43  Probe  
  29  5:07  Pylon  
  28  5:15  Void Ray (Chrono Boost)  
  31  5:22  Nexus  
  31  5:43  Assimilator  
  31  5:45  Pylon  
  31  5:52  Void Ray (Chrono Boost)  
  35  6:01  Probe  
  36  6:13  Probe  
  36  6:15  Pylon  
  38  6:25  Probe  
  38  6:28  Void Ray (Chrono Boost)  
  42  6:35  Probe  
  43  6:46  Probe  
  43  6:48  Photon Cannon  
  44  6:57  Warp Gate (Chrono Boost)  
  44  6:59  Probe  
  44  7:00  Void Ray  
  49  7:19  Probe  
  50  7:31  Probe  
  50  7:32  Pylon  
  51  7:38  Void Ray  
  51  7:43  Probe  
  56  7:56  Photon Cannon  
  56  7:57  Photon Cannon  
  56  8:15  Void Ray  
  60  8:31  Probe  
  61  8:41  Protoss Air Weapons Level 1 (Chrono Boost)  
  61  8:43  Probe  
  61  8:47  Pylon, Photon Cannon  
  62  8:53  Stargate  
  62  8:55  Pylon, Probe  
  63  8:56  Void Ray  
  67  9:06  Protoss Shields Level 1 (Chrono Boost)  
  67  9:07  Probe  
  68  9:19  Probe  
  68  9:20  Photon Cannon  
  65  9:47  Void Ray (Chrono Boost)  
  65  9:50  Void Ray (Chrono Boost)  
  74  10:07  Robotics Facility, Probe  
  74  10:11  Assimilator  
  75  10:25  Oracle (Chrono Boost)  
  77  10:39  Protoss Air Armor Level 1 (Chrono Boost)  
  77  10:54  Warp Prism (Chrono Boost)  
  70  11:32  Mothership Core  
  72  11:46  Photon Cannon  
  72  11:47  Photon Cannon  
  72  11:49  Photon Cannon  
  72  11:50  Photon Cannon  
  72  11:52  Photon Cannon  
  72  11:54  Photon Cannon  
  72  11:56  Pylon  
  72  11:58  Pylon  
  72  12:00  Twilight Council  
  72  12:02  Observer (Chrono Boost)  
  72  12:03  Void Ray (Chrono Boost)  
  72  12:04  Void Ray (Chrono Boost)  
  81  12:42  Void Ray x2 (Chrono Boost)  
  84  13:19  Oracle x2 (Chrono Boost)  
  90  13:21  Photon Cannon  
  90  13:29  Protoss Shields Level 2  
  78  13:51  Void Ray (Chrono Boost)  
  78  13:52  Void Ray (Chrono Boost)  
  86  14:08  Probe  
  87  14:29  Void Ray x2 (Chrono Boost)  
  95  14:39  Photon Cannon  
  95  14:42  Pylon  
  95  14:52  Gateway  
  95  14:58  Gateway  
  92  15:58  Void Ray x2 (Chrono Boost)  
  100  16:10  Photon Cannon  
  100  16:11  Photon Cannon  
  100  16:37  Photon Cannon  
  100  16:39  Photon Cannon  
  100  16:41  Void Ray x2 (Chrono Boost)  
  108  17:17  Gateway  
  108  17:23  Gateway x2  
  108  18:23  Zealot  
  110  18:44  Warp Prism  
  110  18:45  Pylon  
  110  18:47  Pylon  
  108  18:49  Pylon  
  108  18:51  Pylon  
  102  18:55  Zealot  
  102  18:56  Zealot x3  
  109  19:06  Photon Cannon  
  105  19:20  Zealot x2  
  109  20:08  Nexus  
  101  20:30  Oracle (Chrono Boost)  
  92  21:36  Probe  
  89  21:47  Probe  
  90  21:57  Zealot  
  90  21:58  Probe  
  93  22:45  Photon Cannon  
  93  22:47  Gateway, Photon Cannon  
  93  22:51  Gateway  
  93  22:54  Pylon  
  93  23:30  Photon Cannon  
  93  23:36  Photon Cannon  
  93  23:44  Photon Cannon  
  81  25:24  Fleet Beacon  
  81  25:27  Stargate  
  89  25:52  Stargate  
  89  25:54  Stargate  
  89  25:56  Pylon  
  89  26:01  Pylon  
  89  26:07  Carrier (Chrono Boost)  
  89  26:08  Carrier (Chrono Boost)  
  93  26:15  Graviton Catapult  
  95  26:50  Assimilator  
  95  26:51  Assimilator  
  95  26:58  Carrier (Chrono Boost)  
  95  26:59  Probe  
  96  27:08  Pylon  
  96  27:11  Probe  
  97  27:23  Probe  
  98  27:35  Probe  
  99  28:03  Nexus  
  99  28:04  Pylon  
  99  28:09  Pylon  
  99  28:15  Carrier (Chrono Boost)  
  106  28:20  Probe  
  106  29:01  Probe  
  107  29:14  Probe  
  107  29:15  Photon Cannon  
  106  29:32  Probe  
  106  29:43  Probe  
  107  29:51  Carrier (Chrono Boost)  
  113  30:04  Probe  
  113  30:06  Probe  
  115  30:08  Probe  
  116  30:16  Probe  
  116  30:18  Probe  
  118  30:30  Probe  
  119  31:12  Probe  
  119  31:13  Carrier x2 (Chrono Boost)  
  132  31:30  Assimilator  
  132  31:33  Assimilator  
  132  31:35  Pylon  
  134  32:06  Carrier (Chrono Boost)  
  130  32:55  Carrier (Chrono Boost)  
  136  33:16  Probe  
  137  33:22  Carrier (Chrono Boost)  
  143  33:27  Probe  
  140  34:17  Carrier (Chrono Boost)  
  136  34:28  Carrier (Chrono Boost)  
  108  34:39  Probe  
  109  34:50  Probe  
  110  34:53  Probe  
  110  34:59  Carrier (Chrono Boost)  
  117  35:00  Probe  
  117  35:03  Observer  
  117  35:05  Probe  
  120  35:11  Probe  
  121  35:21  Probe  
  122  35:44  Carrier (Chrono Boost)  
  128  36:52  Photon Cannon  
  128  37:08  Carrier x2 (Chrono Boost)  
  152  38:00  Carrier x2 (Chrono Boost)  
  152  38:29  Nexus  
  152  38:31  Pylon  
Show
View Real Time Build Order
Export as new Build Order

ArabianNight Protoss - Winner!

Build Orders: Zealot Archon 

Get SALT Encoding   

  12  0:01  Probe (Chrono Boost)  
  13  0:11  Probe (Chrono Boost)  
  14  0:19  Pylon  
  14  0:22  Probe (Chrono Boost)  
  15  0:37  Probe (Chrono Boost)  
  15  0:39  Gateway  
  16  0:43  Assimilator  
  16  0:47  Probe (Chrono Boost)  
  17  0:58  Probe (Chrono Boost)  
  18  1:09  Probe (Chrono Boost)  
  19  1:13  Assimilator  
  19  1:20  Probe (Chrono Boost)  
  20  1:26  Cybernetics Core  
  20  1:43  Zealot (Chrono Boost)  
  21  2:11  Mothership Core (Chrono Boost)  
  22  2:22  Stalker (Chrono Boost)  
  22  2:30  Probe (Chrono Boost)  
  22  2:46  Probe  
  23  3:07  Forge  
  23  3:11  Pylon  
  23  3:29  Stalker (Chrono Boost), Probe (Chrono Boost)  
  23  3:31  Warp Gate (Chrono Boost)  
  23  3:32  Robotics Facility  
  26  3:41  Probe  
  27  3:53  Probe  
  28  3:56  Pylon, Photon Cannon  
  28  4:05  Probe (Chrono Boost)  
  29  4:29  Photon Cannon  
  33  4:31  Probe (Chrono Boost)  
  33  4:32  Stalker  
  33  4:37  Protoss Ground Weapons Level 1  
  36  4:42  Probe (Chrono Boost)  
  37  4:52  Nexus  
  33  5:02  Stalker  
  33  5:04  Observer (Chrono Boost)  
  36  5:08  Probe (Chrono Boost)  
  37  5:20  Pylon  
  37  5:21  Probe (Chrono Boost)  
  38  5:26  Pylon  
  38  5:31  Probe (Chrono Boost)  
  39  5:42  Twilight Council, Probe (Chrono Boost)  
  40  5:52  Probe (Chrono Boost)  
  40  5:56  Stalker  
  43  6:03  Probe (Chrono Boost)  
  44  6:08  Probe (Chrono Boost)  
  44  6:09  Gateway  
  45  6:13  Probe (Chrono Boost)  
  46  6:19  Gateway  
  46  6:29  Pylon  
  46  6:30  Gateway  
  47  6:33  Probe (Chrono Boost)  
  47  6:38  Probe (Chrono Boost)  
  48  6:40  Templar Archives  
  48  6:43  Probe (Chrono Boost)  
  49  6:47  Blink (Chrono Boost)  
  49  6:48  Probe  
  49  6:54  Stalker, Probe  
  52  6:59  Pylon  
  52  7:00  Probe  
  53  7:06  Probe  
  55  7:10  Stalker  
  57  7:18  Assimilator  
  57  7:20  Stalker  
  59  7:27  Pylon  
  59  7:29  Pylon  
  59  7:30  Assimilator  
  59  7:31  Gateway  
  59  7:33  Assimilator  
  59  7:34  High Templar x2, Probe  
  59  7:36  Probe  
  65  7:39  Pylon  
  65  7:42  Archon  
  65  7:45  Probe  
  66  7:53  Pylon  
  66  8:05  Pylon  
  66  8:08  Stalker x3  
  72  8:30  Nexus  
  72  8:35  High Templar x2  
  72  8:36  Gateway  
  72  8:38  Gateway  
  72  8:39  Archon  
  72  8:40  Gateway, Stalker x2  
  80  8:48  Pylon  
  80  8:49  Pylon  
  80  9:09  Stalker  
  82  9:13  Stalker  
  84  9:18  Protoss Ground Weapons Level 2 (Chrono Boost)  
  83  9:34  Stalker  
  83  9:35  Stalker x2  
  83  9:37  Stalker  
  90  10:00  Stalker  
  90  10:01  Stalker  
  90  10:02  Zealot x2  
  90  10:03  Zealot x2  
  90  10:05  Pylon  
  102  10:16  Assimilator  
  102  10:18  Assimilator  
  102  10:25  Nexus  
  102  10:33  Probe  
  102  10:34  Pylon  
  103  10:38  Probe  
  102  10:45  Stalker  
  102  10:46  Stalker x3  
  110  10:53  Pylon  
  110  10:55  Pylon  
  102  11:08  Stalker x3  
  54  11:19  Stalker x3  
  54  11:21  Stalker  
  58  11:34  Probe  
  58  11:35  Stalker x2, Probe  
  58  11:37  Probe  
  65  11:43  Stalker  
  65  11:45  Probe x2  
  69  11:52  Probe  
  70  11:56  Probe  
  70  11:58  Stalker  
  73  12:03  Probe  
  73  12:04  Probe  
  73  12:06  Protoss Ground Armor Level 1 (Chrono Boost), Probe  
  73  12:07  Stalker x2  
  80  12:10  Stalker  
  80  12:13  Stalker  
  80  12:14  Probe x2  
  84  12:18  Probe  
  87  12:25  Probe  
  87  12:26  Stalker x2  
  92  12:35  Stalker x2  
  96  12:38  Pylon  
  96  12:52  Stalker x4  
  96  12:55  Warp Prism  
  106  13:09  Stalker x3  
  112  13:15  Psionic Storm  
  112  13:19  Nexus  
  112  13:21  High Templar x2  
  106  13:41  Stalker x2  
  106  13:42  Stalker  
  90  13:54  Stalker  
  90  13:55  High Templar x2  
  94  13:56  Stalker  
  94  13:58  Probe  
  94  13:59  Probe  
  98  14:06  Gateway  
  98  14:07  Probe  
  98  14:08  Gateway  
  99  14:11  Gateway  
  99  14:20  High Templar x2  
  99  14:21  Stalker x3  
  109  14:24  Archon  
  109  14:27  Probe  
  109  14:29  Probe x2  
  112  14:33  High Templar  
  112  14:37  Stalker  
  116  14:46  Stalker x2  
  116  14:47  Stalker  
  116  14:48  Assimilator  
  122  14:53  Stalker  
  122  14:54  Assimilator  
  124  15:26  Stalker x3  
  124  15:27  Stalker  
  132  15:29  Stalker x3  
  132  15:30  Stalker x2  
  119  16:06  Nexus  
  119  16:08  Mothership Core  
  113  16:12  Pylon x3  
  113  16:14  Pylon  
  113  16:20  High Templar x2  
  107  16:31  Probe  
  101  16:33  Probe  
  103  16:44  Pylon, Cybernetics Core  
  103  16:45  Pylon  
  103  16:46  Probe  
  103  16:47  Probe  
  103  16:48  Probe  
  106  16:57  Probe  
  106  17:01  Gateway  
  107  17:02  Gateway  
  107  17:03  High Templar x2  
  107  17:04  High Templar x4  
  107  17:07  Archon  
  107  17:08  Archon x2  
  119  17:17  Pylon  
  119  17:18  Pylon  
  119  17:19  Pylon  
  119  17:22  Probe x2  
  119  17:24  Probe  
  119  17:27  Assimilator  
  119  17:28  High Templar x2  
  119  17:29  Pylon  
  126  17:33  Observer (Chrono Boost)  
  126  17:34  Pylon  
  127  17:38  Pylon  
  127  17:44  Stalker  
  127  17:45  Stalker x4  
  127  17:46  Stalker  
  137  18:12  Zealot x5  
  137  18:20  Pylon  
  137  18:41  Stalker x3  
  135  18:42  Stalker x2, Probe x4  
  146  18:52  Probe x3  
  146  18:53  Probe  
  150  18:58  Nexus  
  150  19:03  Probe  
  150  19:04  Nexus  
  150  19:07  Dark Shrine  
  145  19:24  Pylon  
  145  19:31  Templar Archives  
  145  19:33  Pylon x2  
  145  19:37  Pylon, Probe  
  145  19:38  Probe x3  
  145  19:40  Nexus  
  149  19:48  Assimilator  
  149  19:49  Probe  
  149  19:50  Probe x2  
  150  20:00  Zealot x2  
  150  20:01  Adept x2  
  156  20:11  High Templar  
  158  20:15  Gateway  
  158  20:19  Gateway  
  158  20:22  Gateway  
  158  20:24  Gateway  
  158  20:26  High Templar x2  
  158  20:27  High Templar x2  
  166  20:30  Archon  
  166  20:31  Archon  
  166  21:03  Dark Templar x2  
  166  21:04  Dark Templar  
  172  21:14  Assimilator  
  172  21:16  Assimilator  
  172  21:18  Assimilator  
  172  21:23  Assimilator  
  172  21:30  Pylon  
  172  21:32  Pylon, Dark Templar x2  
  176  21:43  Probe x2  
  178  21:49  Pylon  
  178  21:51  Pylon, Probe x3  
  178  21:54  Gateway  
  181  21:55  Gateway  
  181  21:58  Gateway  
  181  21:59  Forge  
  181  22:04  Forge  
  181  22:05  High Templar  
  181  22:06  High Templar x2  
  181  22:07  Dark Templar x4  
  195  22:10  Archon  
  195  22:11  Archon  
  195  22:21  Probe x2  
  197  22:35  Nexus  
  197  22:36  Pylon  
  197  22:38  Pylon  
  195  22:52  Pylon  
  195  22:54  Pylon, Robotics Facility  
  195  22:56  Stargate  
  195  23:00  Dark Templar  
  195  23:03  Robotics Facility  
  195  23:05  Stargate  
  197  23:15  Stargate  
  197  23:16  Probe  
  197  23:17  Probe  
  199  23:31  Dark Templar  
  190  23:47  Void Ray  
  182  24:06  Archon x3  
  181  24:10  Probe x2  
  183  24:30  Void Ray  
  187  24:36  Void Ray x2  
  195  24:50  Observer x2 (Chrono Boost)  
  197  24:58  High Templar  
  197  25:21  Probe x2  
  197  25:24  Probe  
  197  25:27  Stargate  
  200  25:29  Stargate  
  200  25:31  Stargate  
  200  25:36  Assimilator  
  200  25:37  Assimilator  
  200  25:52  Gateway  
  190  27:32  Fleet Beacon  
  190  27:42  Cybernetics Core, Probe x3  
  190  27:43  Cybernetics Core, Probe  
  194  27:53  Probe  
  195  28:00  Warp Prism (Chrono Boost)  
  189  28:19  Graviton Catapult  
  189  28:21  Protoss Air Weapons Level 1, Protoss Air Armor Level 1  
  189  28:28  Forge  
  189  28:30  Forge  
  189  28:40  Tempest x2, Assimilator  
  189  28:41  Assimilator  
  197  28:58  Dark Templar  
  197  29:02  Pylon  
  199  29:14  Nexus  
  199  29:22  Protoss Shields Level 1 (Chrono Boost)  
  199  29:33  Twilight Council  
  195  30:00  Tempest  
  199  30:31  Protoss Ground Armor Level 2 (Chrono Boost)  
  199  30:33  Pylon  
  198  30:57  Assimilator  
  198  30:58  Stalker  
  198  31:01  Assimilator  
  192  31:11  Stalker x4  
  196  32:00  Dark Templar x2  
  190  32:34  Stalker x3  
  190  32:35  Stalker  
  198  32:37  Stalker  
  185  34:29  Tempest x3  
  185  34:30  Tempest  
  197  34:52  Nexus  
  197  34:54  Protoss Air Armor Level 2, Protoss Air Weapons Level 2  
  197  34:57  Protoss Ground Armor Level 3 (Chrono Boost)  
  197  35:07  Observer x2  
  199  35:17  Protoss Ground Weapons Level 3 (Chrono Boost)  
  199  35:35  Observer  
  200  37:08  Nexus  
  200  37:11  Nexus  
  200  37:13  Pylon  
  200  37:14  Pylon  
  200  37:15  Pylon  
  200  37:35  Tempest  
  200  37:55  Tempest x2 (Chrono Boost)  
  200  37:58  Tempest (Chrono Boost)  
  192  38:11  Tempest (Chrono Boost)  
  192  38:12  Tempest (Chrono Boost)  
  190  38:24  Tempest (Chrono Boost)  
  190  38:34  Observer x2  
  192  38:37  Tempest x2 (Chrono Boost)  
  192  38:38  Assimilator  
  198  38:42  Assimilator  
  198  38:44  Assimilator  
  198  38:45  Assimilator  
  197  39:03  High Templar  
  198  39:15  Archon  
  198  39:16  Archon  
  196  39:19  High Templar x2  
  200  39:45  Protoss Air Weapons Level 3, Protoss Air Armor Level 3  
  182  40:14  High Templar x5  
  182  40:18  Archon x2  
  200  40:22  Tempest x2 (Chrono Boost)  
  196  40:50  Tempest x2 (Chrono Boost)  
  198  41:19  Tempest (Chrono Boost)  
  198  41:28  Robotics Facility  
  198  41:40  Assimilator  
  198  41:51  High Templar  
  200  42:06  Nexus  
  200  42:08  Pylon  
  200  42:10  Pylon  
  200  43:16  Tempest x2 (Chrono Boost)  
  197  43:50  Archon  
  197  43:51  Archon  
  162  44:10  High Templar x3  
  162  44:11  High Templar x5  
  162  44:14  Tempest x2 (Chrono Boost)  
  162  44:16  Archon  
  198  44:17  Archon x3  
  198  44:19  Tempest x2 (Chrono Boost), Probe  
  198  44:20  Tempest (Chrono Boost)  
  198  44:21  Probe  
  200  44:27  Robotics Bay  
  200  44:58  Pylon  
  200  45:24  Pylon  
  191  45:59  Tempest (Chrono Boost)  
  199  46:04  Tempest x2 (Chrono Boost)  
  194  46:18  Tempest (Chrono Boost)  
Tags
 
Composition
Zealot Archon
Matchup
PvP
Add a new tag
Caveats
  • Supply blocks, unpowered buildings, or Contaminate may cause inaccurate times.
  • Supply counts are checked every 10 seconds.